[Event "*** Titled Tuesday Blitz"]
[Site "Chess.com"]
[Date "2019.07.02"]
[Round "1"]
[White "Warre"]
[Black "KhazarBabazada"]
[Result "1-0"]
[WhiteElo "2341"]
[BlackElo "2654"]
[TimeControl "180+2"]
[EndTime "13:05:44 PDT"]
[Termination "Warre won by resignation"]

1. d4 Nf6 2. c4 g6 3. Nc3 d5 4. cxd5 Nxd5 5. e4 Nxc3 6. bxc3 Bg7 7. Be3 O-O 8. Nf3 b6 9. Bd3 Bb7 10. O-O Nd7 11. Rc1 c5 12. d5 Rc8 13. c4 Qc7 14.
Qd2 e6 15. Bh6 exd5 16. Bxg7 Kxg7 17. cxd5 Ne5 18. Nxe5 Qxe5 19. a4 Qd4 20. Rc4 Qf6 21. Rfc1 Rfd8 22. a5 Ba6 23. R4c2 c4 24. Bxc4 Bxc4 25.
Rxc4 Rxc4 26. Rxc4 Re8 27. axb6 axb6 28. f3 b5 29. Rc1 Rb8 30. Qc3 b4 31. Qxf6+ Kxf6 32. Kf2 b3 33. Ke3 b2 34. Rb1 g5 35. Kd4 h5 36.
Kc3 Ke5 37. Rxb2 Rc8+ 38. Kd3 f5 39. Rb6 fxe4+ 40. fxe4 Rc1 41. Re6+ Kf4 42. Rf6+ Kg4 43. Rf2 h4 44. e5 h3 45. gxh3+ Kxh3 46. Kd4 g4 47. e6 Rd1+ 48. Ke5 Rh1 49. e7 Re1+ 50. Kd6 g3 51. hxg3 Kxg3 52. Rf8 Kg4 53. e8=Q Re5 54.
Qxe5 Kh3 55. Qg7 1-0

[Event "*** Titled Tuesday Blitz"]
[Site "Chess.com"]
[Date "2019.07.02"]
[Round "1"]
[White "SoltaniciR"]
[Black "akgod"]
[Result "1-0"]
[WhiteElo "2561"]
[BlackElo "2205"]
[TimeControl "180+2"]
[EndTime "13:05:45 PDT"]
[Termination "SoltaniciR won by resignation"]

1. e4 c5 2. Nf3 Nc6 3. Nc3 e5 4. Bc4 d6 5. d3 Be7 6. O-O Nf6 7. Ng5 O-O 8. f4 h6 9. Nf3 Nd4 10. fxe5 Nxf3+ 11. Qxf3 dxe5 12. Qg3 Kh7 13. Nd5 Nxd5 14.
Bxd5 Bf6 15. Be3 Qe7 16. Qf2 Bh4 17. g3 Bh3 18. gxh4 Bxf1 19. Rxf1 Rac8 20. Kh1 b6 21. Rg1 Rcd8 22. Qg3 f5 23. Qg6+ Kh8 24. Bg5 Qe8 25. Bxd8 Qxd8 1-0

[Event "*** Titled Tuesday Blitz"]
[Site "Chess.com"]
[Date "2019.07.02"]
[Round "1"]
[White "SergeiAza"]
[Black "FrenchMonster2002"]
[Result "1-0"]
[WhiteElo "2833"]
[BlackElo "2435"]
[TimeControl "180+2"]
[EndTime "13:05:47 PDT"]
[Termination "SergeiAza won by resignation"]

1. e4 c5 2. Nf3 Nc6 3. d4 cxd4 4. Nxd4 e5 5. Nb5 d6 6. N1c3 a6 7. Na3 Be7 8. Nc4 b5 9. Ne3 Be6 10. Ncd5 Rb8 11. c3 Bg5 12. Bd3 Bxe3 13. Bxe3 Nf6 14. Bg5 Bxd5 15. exd5 Ne7 16. Bxf6 gxf6 17. Qf3 Ng6 18.
g3 Ke7 19. O-O h5 20. h4 Qg8 21. Kh2 Qg7 22. a4 b4 23. Bxa6 Nf8 24. Bb5 bxc3 25. Qxc3 Nd7 26. Bxd7 Kxd7 27. Qc6+ Ke7 28. Qc7+ 1-0

[Event "*** Titled Tuesday Blitz"]
[Site "Chess.com"]
[Date "2019.07.02"]
[Round "1"]
[White "BlackBoarder"]
[Black "JuliaEfremova"]
[Result "1-0"]
[WhiteElo "2498"]
[BlackElo "1910"]
[TimeControl "180+2"]
[EndTime "13:06:00 PDT"]
[Termination "BlackBoarder won by resignation"]

1. e4 c6 2. Nf3 d5 3. Nc3 dxe4 4. Nxe4 Nd7 5. Bc4 e6 6. Qe2 Nb6 7. Ne5 Nxc4 8. Nxc4 Nf6 9. c3 Nxe4 10. Qxe4 Qd5 11.
d3 Qxe4+ 12. dxe4 b5 13. Na5 Bd7 14. Be3 c5 15. O-O-O c4 16. Rd2 Be7 17. Rhd1 Bd8 18. Nb7 O-O 19. Rxd7 Bf6 20. f4 g6 21. e5 Bg7 22. Rd8 a5 23. Rxa8 Rxa8 24. Rd8+ Rxd8 25. Nxd8 b4 26. Nc6 bxc3 27. bxc3 a4 28. Na5 g5 29. Nxc4 gxf4 30. Bxf4 f6 31. exf6 Bxf6 32. Ne5 Kg7 33.
Kc2 1-0

[Event "*** Titled Tuesday Blitz"]
[Site "Chess.com"]
[Date "2019.07.02"]
[Round "1"]
[White "Cruel_Yaro"]
[Black "amylazy"]
[Result "1-0"]
[WhiteElo "2756"]
[BlackElo "2396"]
[TimeControl "180+2"]
[EndTime "13:06:01 PDT"]
[Termination "Cruel_Yaro won by resignation"]

1. e4 c5 2. Nf3 e6 3. g3 d5 4. exd5 exd5 5. d4 Nf6 6. Bg2 Be7 7. O-O O-O 8. Nc3 Nc6 9. Bg5 Be6 10. Re1 h6 11. Bxf6 Bxf6 12. dxc5 Qa5 13. Nxd5 Bxd5 14. Qxd5 Bxb2 15. Rab1 Bc3 16. Re3 Rad8 17. Qc4 Bb4 18. Ne5 Nxe5 19. Rxe5 Bc3 20. Rd5 Rxd5 21. Bxd5 b6 22.
c6 Be5 23. Rb5 Qe1+ 24. Kg2 Bc7 25. Be4 Re8 26. Bd3 Qe6 27. Rd5 a6 28. Rd7 Qe5 29.
Qxf7+ Kh8 30. Rxc7 1-0

[Event "*** Titled Tuesday Blitz"]
[Site "Chess.com"]
[Date "2019.07.02"]
[Round "1"]
[White "GameOverBro"]
[Black "Bigfish1995"]
[Result "1-0"]
[WhiteElo "2481"]
[BlackElo "2948"]
[TimeControl "180+2"]
[EndTime "13:06:06 PDT"]
[Termination "GameOverBro won on time"]

1. e4 c5 2. Ne2 g6 3. Nbc3 Bg7 4. d4 Na6 5. g3 d6 6. Bg2 Nf6 7. O-O O-O 8. h3 Qc7 9. Be3 Bd7 10. a4 Nb4 11. g4 a6 12. f4 cxd4 13. Nxd4 e5 14. Nb3 exf4 15. Bxf4 Qb6+ 16. Kh1 Be6 17. a5 Qa7 18.
Nd4 Rad8 19. Be3 Qb8 20. Ra4 Nc6 21. Nxe6 fxe6 22. Bb6 Rc8 23. Ne2 Ne5 24. b3 Rfe8 25. Nf4 Nfd7 26. Bd4 1-0

[Event "*** Titled Tuesday Blitz"]
[Site "Chess.com"]
[Date "2019.07.02"]
[Round "1"]
[White "warmoatmeal"]
[Black "GulamaliRises"]
[Result "0-1"]
[WhiteElo "1812"]
[BlackElo "2484"]
[TimeControl "180+2"]
[EndTime "13:06:07 PDT"]
[Termination "GulamaliRises won by resignation"]

1. Nf3 Nf6 2. d4 d5 3. Bf4 e6 4. e3 Bd6 5. Bg3 Qe7 6. Nbd2 Nc6 7. Ne5 Bxe5 8. dxe5 Nd7 9. Bb5 O-O 10. Bxc6 bxc6 11. c3 Ba6 12. Qg4 Bd3 13. Nf3 c5 14. Bh4 f6 15. exf6 Nxf6 16. Qf4 Qd6 17. Qe5 c4 18.
Bg3 Qb6 19. Nd4 Qxb2 20. Qxe6+ Kh8 21. Rd1 c5 22. Rd2 Qc1+ 23. Rd1 Qxc3+ 24. Rd2 cxd4 25. Qxf6 Rxf6 0-1

[Event "*** Titled Tuesday Blitz"]
[Site "Chess.com"]
[Date "2019.07.02"]
[Round "1"]
[White "JustaTrickstar"]
[Black "Sanyura"]
[Result "1-0"]
[WhiteElo "2846"]
[BlackElo "2439"]
[TimeControl "180+2"]
[EndTime "13:06:08 PDT"]
[Termination "JustaTrickstar won by resignation"]

1. c4 Nf6 2. Nc3 g6 3. e4 d6 4. d4 Bg7 5. Be2 O-O 6. Be3 c5 7. d5 e6 8. Nf3 exd5 9. cxd5 Re8 10. Nd2 a6 11. a4 Nbd7 12. O-O h5 13. Bg5 Ne5 14.
f4 Neg4 15. Nc4 Rb8 16. a5 Qc7 17. h3 Nh6 18. e5 Nh7 19. exd6 Qd7 20. Be7 Nf5 21.
Nb6 Ne3 22. Qc1 Qf5 23. Rf3 Bd4 24. Kh1 Ng4 25. Qe1 Nhf6 26. Bd3 Nf2+ 27. Qxf2 Qxd3 28. Rxd3 Bxf2 29. Bxf6 Bf5 30. Rf3 Bd4 31. d7 Bxf6 32. dxe8=Q+ Rxe8 33. d6 Rd8 34. Rd1 Bd4 35. d7 Bxd7 36.
Nxd7 Rxd7 37. Ne2 1-0

[Event "*** Titled Tuesday Blitz"]
[Site "Chess.com"]
[Date "2019.07.02"]
[Round "1"]
[White "diskeleven"]
[Black "BakaPG"]
[Result "0-1"]
[WhiteElo "2377"]
[BlackElo "2728"]
[TimeControl "180+2"]
[EndTime "13:06:14 PDT"]
[Termination "BakaPG won by resignation"]

1. c4 e5 2. g3 Nc6 3. Bg2 Bc5 4. e3 a6 5. Nc3 d6 6. Nge2 Ba7 7. d4 Nge7 8. d5 Nb8 9. Bd2 O-O 10. O-O f5 11. Kh1 Nd7 12. f4 Ng6 13. Qc2 Nf6 14. h3 Qe7 15. Rae1 e4 16. Nd1 h5 17. Rg1 Bd7 18. Bc3 Kf7 19. Nd4 Rh8 20. Ne6 Bxe6 21. dxe6+ Qxe6 22. Bf1 h4 23. g4 fxg4 24. hxg4 Nxf4 25. g5 N6h5 26. exf4 Ng3+ 27. Kg2 Qg4 28. g6+ Kf8 29. Kh2 Bxg1+ 30. Kxg1 Ne2+ 31. Kh2 Qg3+ 0-1

[Event "*** Titled Tuesday Blitz"]
[Site "Chess.com"]
[Date "2019.07.02"]
[Round "1"]
[White "FedaMaster"]
[Black "ethylalcohol"]
[Result "1-0"]
[WhiteElo "2514"]
[BlackElo "2087"]
[TimeControl "180+2"]
[EndTime "13:06:14 PDT"]
[Termination "FedaMaster won on time"]

1. e4 e6 2. d4 d5 3. Nc3 Nf6 4. Bg5 dxe4 5. Nxe4 Nbd7 6. Nf3 h6 7. Nxf6+ Nxf6 8. Bd2 c5 9. Bd3 cxd4 10. Qe2 Be7 11. O-O-O O-O 12. g4 Qb6 13. Ne5 Bd7 14. h4 Bc6 15. g5 Bxh1 16. gxf6 Bxf6 17. Rxh1 Qc7 18. Bf4 Qc8 19. Qe4 g6 20. Bxh6 Bg7 21. Bxg7 Kxg7 22. Nxg6 1-0

[Event "*** Titled Tuesday Blitz"]
[Site "Chess.com"]
[Date "2019.07.02"]
[Round "1"]
[White "Kubas1010"]
[Black "edgarrodrigues"]
[Result "1-0"]
[WhiteElo "2612"]
[BlackElo "2267"]
[TimeControl "180+2"]
[EndTime "13:06:15 PDT"]
[Termination "Kubas1010 won by resignation"]

1. d4 Nf6 2. c4 c5 3. Nf3 cxd4 4. Nxd4 Qc7 5. Nc3 a6 6. g3 b6 7. Bg2 Bb7 8. Nd5 Nxd5 9. cxd5 e5 10. Nf5 d6 11. O-O g6 12. Nh6 Nd7 13. e4 Rc8 14.
Be3 Be7 15. Bh3 b5 16. Rc1 Qd8 17. Qg4 Rc4 18. Nxf7 Kxf7 19. Rxc4 bxc4 20. Qxd7 Qxd7 21. Bxd7 Rd8 22. Be6+ Kg7 23. Rc1 Bc8 24. Rxc4 Bxe6 25.
dxe6 Kf6 26. Ra4 Ra8 27. b4 Kxe6 28. Kf1 d5 29. exd5+ Kxd5 30. Ke2 Kc4 31. a3 Bd6 32. Ra5 h5 33. Kf3 Rf8+ 34. Ke4 1-0

[Event "*** Titled Tuesday Blitz"]
[Site "Chess.com"]
[Date "2019.07.02"]
[Round "1"]
[White "ChessQueen"]
[Black "tteshan"]
[Result "1/2-1/2"]
[WhiteElo "2592"]
[BlackElo "2247"]
[TimeControl "180+2"]
[EndTime "13:06:16 PDT"]
[Termination "Game drawn by repetition"]

1. Nf3 c5 2. g3 Nc6 3. Bg2 g6 4. d4 cxd4 5. Nxd4 Bg7 6. Nb3 Nf6 7. e4 d6 8. O-O O-O 9. c4 Be6 10. Na3 Rc8 11. f4 Qb6+ 12. Kh1 a5 13. Qe1 Nb4 14.
Be3 Qa6 15. e5 Ng4 16. Bd4 Bxc4 17. Nxc4 Rxc4 18. Qd1 Nh6 19. exd6 Qxd6 20. Bxg7 Kxg7 21.
Qxd6 exd6 22. Nxa5 Rc2 23. Nxb7 Rxb2 24. a4 d5 25. Rfb1 Rxb1+ 26. Rxb1 Nd3 27. Bxd5 Ng4 28. Bf3 Ne3 29. Rb3 Nf2+ 30. Kg1 Nh3+ 31. Kh1 Nf2+ 32. Kg1 Nh3+ 33. Kh1 Nf2+ 1/2-1/2

[Event "*** Titled Tuesday Blitz"]
[Site "Chess.com"]
[Date "2019.07.02"]
[Round "1"]
[White "Hikaru"]
[Black "AdrianaNikolova"]
[Result "1-0"]
[WhiteElo "3150"]
[BlackElo "2476"]
[TimeControl "180+2"]
[EndTime "13:06:17 PDT"]
[Termination "Hikaru won by resignation"]

1. e4 c5 2. Nc3 Nc6 3. f4 g6 4. Nf3 Bg7 5. Bc4 e6 6. f5 a6 7. fxe6 dxe6 8. a4 Nge7 9. O-O O-O 10. d3 Nd4 11. Nxd4 Qxd4+ 12. Kh1 Nc6 13. Qe1 Ne5 14. Bb3 b6 15. Be3 Qd6 16. Qg3 Qd7 17. a5 c4 18.
dxc4 bxa5 19. Na4 Rb8 20. Nc5 Qc6 21. Rxa5 Rb4 22. Bd4 Nxc4 23. Bxg7 Kxg7 24. Qc3+ e5 25. Qxb4 Nxa5 26. Qxa5 Bg4 27. Qc3 Be2 28. Ne6+ 1-0

[Event "*** Titled Tuesday Blitz"]
[Site "Chess.com"]
[Date "2019.07.02"]
[Round "1"]
[White "TheCount"]
[Black "ruzomberok"]
[Result "1-0"]
[WhiteElo "2764"]
[BlackElo "2401"]
[TimeControl "180+2"]
[EndTime "13:06:18 PDT"]
[Termination "TheCount won by resignation"]

1. d4 Nf6 2. c4 g6 3. Nc3 d5 4.
cxd5 Nxd5 5. e4 Nxc3 6. bxc3 Bg7 7. Be3 c5 8. Bb5+ Bd7 9. Rb1 cxd4 10. cxd4 O-O 11.
Bxd7 Qxd7 12. Nf3 Nc6 13. h4 Qg4 14. d5 Ne5 15. Nxe5 Qxd1+ 16. Kxd1 Bxe5 17. Rxb7 Rfb8 18. Rb3 a5 19. Kc2 Rc8+ 20. Kd2 a4 21. Rb7 Rc4 22.
f4 Bd6 23. e5 Bb4+ 24. Kd3 Rac8 25. Rc1 Rxc1 26. Bxc1 Be1 27. Bd2 Bxh4 28. Bb4 Rc1 29. Bxe7 Bxe7 30. Rxe7 Ra1 31. d6 Kf8 32. Ra7 Ke8 33.
Rxa4 Rg1 34. Ra8+ Kd7 35. Ra7+ Ke8 36. a4 Rxg2 37. a5 h5 38. a6 h4 39. Re7+ Kf8 40. a7 Ra2 41. Rb7 Kg7 42. d7 1-0

[Event "*** Titled Tuesday Blitz"]
[Site "Chess.com"]
[Date "2019.07.02"]
[Round "1"]
[White "Bagirova"]
[Black "Rish_97"]
[Result "0-1"]
[WhiteElo "1893"]
[BlackElo "2498"]
[TimeControl "180+2"]
[EndTime "13:06:19 PDT"]
[Termination "Rish_97 won on time"]

1. e4 e5 2. Nf3 Nc6 3. Bc4 Nf6 4.
d3 h6 5. c3 g5 6. d4 d6 7. dxe5 Nxe5 8. Nxe5 dxe5 9. Bxf7+ Ke7 10. Qxd8+ Kxd8 11. O-O Nxe4 12. Re1 Nd6 13. Bb3 Bg7 14.
Nd2 Bf5 15. Nc4 Nxc4 16. Bxc4 c6 17. Be3 Kc7 18. Rad1 Rhd8 19. Rxd8 Rxd8 20. h3 a5 0-1

[Event "*** Titled Tuesday Blitz"]
[Site "Chess.com"]
[Date "2019.07.02"]
[Round "1"]
[White "Komissarov_alex"]
[Black "Yurovskykh_Oleksandr"]
[Result "0-1"]
[WhiteElo "2140"]
[BlackElo "2536"]
[TimeControl "180+2"]
[EndTime "13:06:32 PDT"]
[Termination "Yurovskykh_Oleksandr won on time"]

1. d4 d5 2. Nf3 Nf6 3. e3 Bf5 4. c4 e6 5. Nc3 c6 6. Nh4 Be4 7.
f3 Bg6 8. Nxg6 hxg6 9. Qb3 Qb6 10. c5 Qc7 11. f4 Nbd7 12. Qd1 b6 13. b4 a5 14. cxb6 Qxb6 15. bxa5 Qxa5 16. Bd2 Be7 17. Rc1 O-O 18. Bd3 Qa3 19. O-O c5 20. Qb3 Qxb3 21.
axb3 cxd4 22. exd4 Rfb8 23. Nb5 Rb7 24. Ra1 Rab8 0-1

[Event "*** Titled Tuesday Blitz"]
[Site "Chess.com"]
[Date "2019.07.02"]
[Round "1"]
[White "Superfelix"]
[Black "Padenie_Zvezd"]
[Result "0-1"]
[WhiteElo "2333"]
[BlackElo "2685"]
[TimeControl "180+2"]
[EndTime "13:06:33 PDT"]
[Termination "Padenie_Zvezd won by resignation"]

1. e4 c5 2. Nf3 Nc6 3. Bb5 e6 4.
O-O Nge7 5. Re1 a6 6. Bf1 d5 7. exd5 Nxd5 8. d4 Nf6 9. Be3 Be7 10. Nc3 O-O 11. h3 Qa5 12. a3 Rd8 13. Ne2 e5 14. c3 exd4 15. cxd4 Nd5 16. Qc2 Nxe3 17. fxe3 cxd4 18. Nexd4 Nxd4 19. exd4 Bf6 20. Ne5 Qb6 21.
Rad1 Be6 22. Nc4 Bxd4+ 23. Kh1 Qc7 24. Rxe6 fxe6 25. Qe4 e5 26. Bd3 g6 27. Qg4 Rf8 28. Nd2 Kg7 29. Nf3 Rf4 30. Qg3 Raf8 31. Ng5 Qb6 32.
Bc4 R8f6 33. Bd5 Rf1+ 34. Rxf1 Rxf1+ 35. Kh2 Bg1+ 0-1

[Event "*** Titled Tuesday Blitz"]
[Site "Chess.com"]
[Date "2019.07.02"]
[Round "1"]
[White "rasmussvane"]
[Black "3f32"]
[Result "1-0"]
[WhiteElo "2896"]
[BlackElo "2453"]
[TimeControl "180+2"]
[EndTime "13:06:37 PDT"]
[Termination "rasmussvane won by resignation"]

1. Nf3 d5 2. g3 g6 3. Bg2 Bg7 4.
d4 Nd7 5. O-O Ngf6 6. a4 a5 7.
Na3 Nb6 8. b3 O-O 9. c4 dxc4 10.
bxc4 Ne4 11. Be3 c5 12. Rc1 cxd4 13. Nxd4 Nc5 14. Nc6 Qxd1 15. Nxe7+ Kh8 16. Rfxd1 Nbxa4 17. Nb5 Bg4 18. Rd5 Rae8 19. Rxc5 Nxc5 20. Bxc5 Bxe2 21.
Bxb7 Rb8 22. Bd5 a4 23. Nc6 Rfc8 24. Nxb8 Rxc5 25. Nd7 Rc8 26. Nb6 Rd8 27. Nxa4 Bh6 28. Re1 1-0

[Event "*** Titled Tuesday Blitz"]
[Site "Chess.com"]
[Date "2019.07.02"]
[Round "1"]
[White "Alexander_Moskalenko"]
[Black "KestutisLabeckas"]
[Result "1-0"]
[WhiteElo "2852"]
[BlackElo "2435"]
[TimeControl "180+2"]
[EndTime "13:06:40 PDT"]
[Termination "Alexander_Moskalenko won by resignation"]

1. Nf3 d5 2. c4 c6 3. e3 Nf6 4.
Nc3 g6 5. h3 Bg7 6. d4 O-O 7. Be2 dxc4 8. Bxc4 b5 9. Bb3 Bb7 10. O-O a6 11. e4 c5 12. e5 Ne4 13.
Nxe4 Bxe4 14. Re1 Bd5 15. dxc5 Bxb3 16. Qxb3 Nc6 17. e6 f5 18. Rd1 Qc8 19. Rd7 Na5 20. Qd5 Nc4 21. Bg5 Bxb2 22. Rd1 Re8 23. Bxe7 Bg7 24.
Bd6 a5 25. e7+ Kh8 26. Ng5 h6 27. Nf7+ Kh7 28. Rc7 Qa6 29. h4 Rac8 30. Rxc8 Qxc8 31. h5 Nb2 32. hxg6+ Kxg6 33. Re1 Nc4 34. Re6+ Kxf7 35. Rxh6+ 1-0

[Event "*** Titled Tuesday Blitz"]
[Site "Chess.com"]
[Date "2019.07.02"]
[Round "1"]
[White "Bad4life"]
[Black "JonahWillow"]
[Result "0-1"]
[WhiteElo "2357"]
[BlackElo "2705"]
[TimeControl "180+2"]
[EndTime "13:06:40 PDT"]
[Termination "JonahWillow won on time"]

1. e4 c5 2. Nf3 e6 3. d4 cxd4 4.
Nxd4 Nc6 5. Nc3 Qc7 6. a3 Nf6 7.
f4 d6 8. Be3 a6 9. Qf3 Be7 10.
Bd3 O-O 11. Nxc6 bxc6 12. g4 e5 13. g5 Ng4 14. f5 Nxe3 15. Qxe3 d5 16. exd5 cxd5 17.
Nxd5 Qa5+ 18. Nc3 Bb4 19. Be4 Rb8 20. h4 Bb7 21. Rh3 Bxe4 22. Qxe4 Bxc3+ 23. bxc3 Rbc8 24. Qb4 Qd5 25. Rd1 Qg2 26. Rdd3 Rb8 27. Rdg3 Qxc2 0-1

[Event "*** Titled Tuesday Blitz"]
[Site "Chess.com"]
[Date "2019.07.02"]
[Round "1"]
[White "GMHess"]
[Black "SavelievAlexei"]
[Result "1-0"]
[WhiteElo "2746"]
[BlackElo "2377"]
[TimeControl "180+2"]
[EndTime "13:06:43 PDT"]
[Termination "GMHess won on time"]

1. b3 Nf6 2. Bb2 g6 3. Bxf6 exf6 4. c4 Bg7 5. Nc3 f5 6. g3 O-O 7. Bg2 d6 8. e3 Nc6 9. Nge2 Bd7 10. O-O Rb8 11. d4 h5 12. h4 Re8 13. Nf4 Ne7 14. Rc1 Kh7 15. b4 Ng8 16. c5 Nf6 17. cxd6 cxd6 18. Qb3 Be6 19. Nxe6 fxe6 20. Nb5 d5 21.
Rc2 Qb6 22. Nc7 Re7 23. Rfc1 Bh6 24. a4 a5 25. Nb5 g5 26. Rc7 Re8 27. bxa5 Qxa5 28.
Qa3 Rxc7 29. Nxc7 Bf8 30. Qb3 Rc8 31. Qxb7 1-0

[Event "*** Titled Tuesday Blitz"]
[Site "Chess.com"]
[Date "2019.07.02"]
[Round "1"]
[White "vpantev"]
[Black "Mbneu"]
[Result "0-1"]
[WhiteElo "2629"]
[BlackElo "2328"]
[TimeControl "180+2"]
[EndTime "13:06:44 PDT"]
[Termination "Mbneu won by resignation"]

1. d4 Nf6 2. Bf4 d6 3. e3 Nbd7 4. Nf3 b6 5. Be2 Bb7 6. O-O c5 7. c4 g6 8. Nc3 Bg7 9. d5 O-O 10. e4 Ng4 11. Re1 Nge5 12. h3 Nxf3+ 13. Bxf3 a6 14.
a4 Rb8 15. Qd2 Ne5 16. Be2 Qc7 17. Rad1 Rfd8 18. Be3 f6 19. f4 Nf7 20. Bg4 Bc8 21. Be6 Rf8 22. Qe2 Bh6 23. Qg4 Kg7 24. Re2 Nd8 25. h4 Nxe6 26. dxe6 f5 27. exf5 Rxf5 28. Bd2 Bb7 29. Nd5 Bxd5 30. cxd5 Kg8 31. Bc3 b5 32. axb5 axb5 33. g3 b4 34. Be1 Bg7 35. b3 c4 36.
bxc4 Qxc4 37. Qf3 b3 38. Qe4 Qxe4 39. Rxe4 b2 40. Rb1 Rxd5 41. Kf2 Rc5 42. Bd2 Rc2 43. Ke3 Rb3+ 44. Ke2 Rxg3 45. Rb4 Rg2+ 46. Kf3 Rgxd2 47. Rb8+ Bf8 48. f5 Rf2+ 49. Ke4 Rc1 50.
R1xb2 gxf5+ 51. Kd5 Rxb2 52. Rxb2 Rc5+ 53. Kd4 Bg7+ 0-1

[Event "*** Titled Tuesday Blitz"]
[Site "Chess.com"]
[Date "2019.07.02"]
[Round "1"]
[White "TheCavemanChesss"]
[Black "Last7Samurai"]
[Result "0-1"]
[WhiteElo "2401"]
[BlackElo "2772"]
[TimeControl "180+2"]
[EndTime "13:06:45 PDT"]
[Termination "Last7Samurai won by resignation"]

1. e4 e5 2. Nf3 Nc6 3. Bb5 a6 4. Ba4 g6 5. O-O Bg7 6. c3 d6 7. d4 Bd7 8. d5 Nce7 9. c4 h6 10.
Nc3 f5 11. exf5 gxf5 12. Re1 Nf6 13. c5 O-O 14. g3 Ng6 15. c6 bxc6 16. dxc6 Be6 17.
Bb3 Bxb3 18. Qxb3+ Kh7 19. Qc2 e4 20. Nd4 Ng4 21.
Ne6 Qf6 22. Nxf8+ Rxf8 23. Nd5 Qf7 24. Nf4 N6e5 25. Kg2 Nf3 26. Rh1 Ngxh2 27. Be3 Ng4 28. Qb3 Qf6 29. Nh5 Qg6 30. Nf4 Qf6 31. Qe6 Nxe3+ 32.
fxe3 Qxb2+ 0-1

[Event "*** Titled Tuesday Blitz"]
[Site "Chess.com"]
[Date "2019.07.02"]
[Round "1"]
[White "vanea_03"]
[Black "Manukyan_Artak"]
[Result "1-0"]
[WhiteElo "2684"]
[BlackElo "2330"]
[TimeControl "180+2"]
[EndTime "13:06:48 PDT"]
[Termination "vanea_03 won by resignation"]

1. d4 Nf6 2. c4 e6 3. g3 d5 4. Bg2 dxc4 5. Nf3 c5 6. O-O Nc6 7. dxc5 Qxd1 8. Rxd1 Bxc5 9. Nbd2 c3 10. bxc3 O-O 11.
Nb3 Be7 12. Nfd4 Bd7 13. Nb5 Rad8 14. Bf4 e5 15. Be3 a6 16. Nd6 Bc8 17. Nxc8 Rxd1+ 18. Rxd1 Rxc8 19. Bc5 Kf8 20. Bxe7+ Kxe7 21. Nc5 Nd8 22. Nxb7 Nxb7 23. Bxb7 Rxc3 24. Bxa6 Rc2 25. a4 Ra2 26. Bb5 Ne4 27. Rd7+ Kf6 28. Rxf7+ Kxf7 29. Bc4+ Ke7 30. Bxa2 Nc3 31. Bb3 Nxe2+ 32. Kf1 Nd4 33. Bc4 Kd6 34. Bd3 h6 35. a5 Kc5 36. Kg2 g5 37. f3 Nc6 38. a6 Kb6 39. Kf2 Nb4 40. Be2 Nd5 41. Bc4 Nf6 42. Ke3 g4 43.
f4 exf4+ 44. Kxf4 Nd7 45. Be2 1-0

[Event "*** Titled Tuesday Blitz"]
[Site "Chess.com"]
[Date "2019.07.02"]
[Round "1"]
[White "RichardLeyvaP"]
[Black "ChessWeebs"]
[Result "1/2-1/2"]
[WhiteElo "2419"]
[BlackElo "2779"]
[TimeControl "180+2"]
[EndTime "13:06:50 PDT"]
[Termination "Game drawn by repetition"]

1. e4 c6 2. d4 d5 3. Nd2 dxe4 4. Nxe4 Bf5 5. Ng3 Bg6 6. h4 h6 7. h5 Bh7 8. Nf3 Nd7 9. Bd3 Bxd3 10. Qxd3 e6 11. Bd2 Ngf6 12. O-O-O Be7 13. Ne4 Nxe4 14. Qxe4 Nf6 15. Qe2 Qd5 16. Kb1 Qe4 17. Qxe4 Nxe4 18. Be3 O-O-O 19. Ne5 Rhf8 20. f3 Ng3 21. Rh3 Nf5 22. Bf2 Bf6 23. f4 Bxe5 24. fxe5 f6 25. exf6 Rxf6 26. Rf3 e5 27. c3 e4 28. Rh3 Re8 29. g4 e3 30. gxf5 exf2 31. Rf3 Re2 32.
a4 Kd7 33. Kc1 Kd6 34. Rd2 Re1+ 35. Rd1 Re2 36. Rd2 Re1+ 37. Rd1 Re2 1/2-1/2

[Event "*** Titled Tuesday Blitz"]
[Site "Chess.com"]
[Date "2019.07.02"]
[Round "1"]
[White "Mikhail_Golubev"]
[Black "lolo9292"]
[Result "1-0"]
[WhiteElo "2544"]
[BlackElo "2181"]
[TimeControl "180+2"]
[EndTime "13:06:50 PDT"]
[Termination "Mikhail_Golubev won on time"]

1. e4 c5 2. Nf3 d6 3. d4 cxd4 4. Nxd4 Nf6 5. Nc3 a6 6. Bc4 b5 7. Bb3 e6 8. O-O Be7 9. Qf3 Qb6 10. Be3 Qb7 11. Qg3 Nbd7 12. Rad1 Ne5 13. f4 Neg4 14. e5 dxe5 15. fxe5 Nxe3 16. exf6 Nxf1 17. Qxg7 Bf8 18.
Qxh8 Ne3 19. Rd2 e5 20. Ndxb5 Qb6 21. Nd6+ Kd7 22. Nxc8+ Kxc8 23. Qxf8+ Kc7 24. Qe7+ Kc8 25. Qd7+ Kb8 26. Qe8+ Kc7 27. Rd7+ Kc6 28. Rd8+ Kc5 29. Na4+ Kb4 30. Nxb6 1-0

[Event "*** Titled Tuesday Blitz"]
[Site "Chess.com"]
[Date "2019.07.02"]
[Round "1"]
[White "bubacik"]
[Black "VeraNebolsina"]
[Result "1-0"]
[WhiteElo "2694"]
[BlackElo "2344"]
[TimeControl "180+2"]
[EndTime "13:06:57 PDT"]
[Termination "bubacik won by resignation"]

1. d4 Nf6 2. c4 g6 3. Nc3 Bg7 4. e4 d6 5. h3 O-O 6. Be3 Nc6 7.
Nf3 e5 8. d5 Nd4 9. Be2 Nxe2 10. Qxe2 Nh5 11. O-O-O b6 12. Kb1 Bd7 13. g4 Nf4 14.
Qd2 f5 15. gxf5 gxf5 16. Ka1 fxe4 17. Nxe4 Kh8 18. Nfg5 Qe8 19. h4 Qh5 20. Ng3 Qg6 21.
Rdg1 b5 22. c5 dxc5 23. Bxc5 Rfd8 24. N3e4 Qh5 25. Be7 Be8 26. Bf6 Bg6 27. Qc3 Rxd5 28. Qxc7 Qh6 29. Nf7+ Bxf7 30. Rxg7 Qxg7 31. Qxf7 1-0

[Event "*** Titled Tuesday Blitz"]
[Site "Chess.com"]
[Date "2019.07.02"]
[Round "1"]
[White "Jabberwockiez"]
[Black "AndrewMaco"]
[Result "0-1"]
[WhiteElo "2219"]
[BlackElo "2575"]
[TimeControl "180+2"]
[EndTime "13:06:59 PDT"]
[Termination "AndrewMaco won by checkmate"]

1. e4 c6 2. d4 d5 3. e5 Bf5 4. h4 h6 5. Bd3 Bxd3 6. Qxd3 e6 7.
f4 h5 8. Nf3 Nh6 9. Ng5 Nf5 10.
g4 hxg4 11. h5 Be7 12. Nc3 Qd7 13. Ne2 f6 14. Ng3 fxg5 15. Nxf5 exf5 16. fxg5 Qe6 17. h6 g6 18. Bf4 Kf7 19. O-O-O Nd7 20. Qg3 Nf8 21. Rdf1 Kg8 22. Qh4 Kh7 23. Rhg1 Nd7 24. Be3 Rhf8 25. Bf4 b5 26. Qg3 a5 27. Qc3 b4 28.
Qg3 a4 29. Kb1 Rfb8 30. Rf2 b3 31. cxb3 axb3 32. a3 c5 33. Be3 c4 34. Bd2 Nf8 35. Rgf1 Re8 36. Qf4 Qd7 37. Bc3 Ne6 38. Qg3 Nxg5 39.
e6 Qxe6 40. Re1 Ne4 41. Rxe4 Qxe4+ 42. Ka1 Bxa3 43. Qc7+ Re7 44. Qc6 Bxb2+ 45. Kxb2 Ra2+ 46. Kc1 Qe1+ 47. Bxe1 Rxe1# 0-1

[Event "*** Titled Tuesday Blitz"]
[Site "Chess.com"]
[Date "2019.07.02"]
[Round "1"]
[White "checkmatequen"]
[Black "bilelou"]
[Result "1-0"]
[WhiteElo "2232"]
[BlackElo "2554"]
[TimeControl "180+2"]
[EndTime "13:07:08 PDT"]
[Termination "checkmatequen won by resignation"]

1. e4 c5 2. Nf3 d6 3. d4 cxd4 4.
Nxd4 Nf6 5. Nc3 a6 6. Bg5 Nbd7 7. Bc4 Qb6 8. Nb3 e6 9. Qe2 Be7 10. O-O-O Qc7 11. f4 b5 12. Bd3 Bb7 13. Rhe1 h6 14.
Bxf6 Bxf6 15. Bxb5 Bxc3 16. Bxd7+ Qxd7 17. bxc3 O-O 18. Qd3 Rfd8 19. e5 Qa4 20. Kb1 Bd5 21. exd6 Qxf4 22. Qd4 Qxh2 23. c4 Bxg2 24. Rg1 a5 25. c5 a4 26. Nc1 e5 27. Qd2 Qh3 28.
Qxg2 Rab8+ 29. Nb3 Qxg2 30. Rxg2 axb3 31. axb3 e4 32.
c6 Rbc8 33. c7 Rd7 34. Re2 f5 35. c4 Kf7 36. c5 Ke6 37. Red2 e3 38. Rd4 g5 39. c6 e2 40. Re1 1-0